 Dungeon Crawl Stone Soup version 0.13-a0-2561-ge340899 (webtiles) character file.

87 Kae the Firebug (level 3, 19/19 HPs)
             Began as a Tengu Fire Elementalist on July 30, 2013.
             Quit the game on Level 1 of the Dungeon.
             The game lasted 00:01:35 (1126 turns).

Kae the Firebug (Tengu Fire Elementalist)           Turns: 1126, Time: 00:01:35

HP  19/19        AC  2     Str  8      XL: 3   Next:  2%
MP   5/7         EV 12     Int 16      God:
Gold 63          SH  0     Dex 10      Spells:  1 memorised,  4 levels left

Res.Fire  : . . .   See Invis. : .   i - +0 dagger
Res.Cold  : . . .   Warding    : .   a - +0 robe
Life Prot.: . . .   Conserve   : .   (no shield)
Res.Poison: .       Res.Corr.  : .   (helmet restricted)
Res.Elec. : .       Clarity    : .   (no cloak)
Sust.Abil.: . .     Spirit.Shd : .   (no gloves)
Res.Mut.  : .       Stasis     : .   (boots unavailable)
Res.Rott. : .       Flight     : .   (no amulet)
Saprovore : . . .                    (no ring)
                                     h - cursed -4 ring of dexterity

@: not resistant to hostile enchantments, fairly stealthy
A: beak, talons 3
a: no special abilities


You were on level 1 of the Dungeon.
You were hungry.

You visited 1 branch of the dungeon, and saw 2 of its levels.

You collected 43 gold pieces.

Inventory:

Hand weapons
 i - a +0,+0 dagger (weapon)
Missiles
 e - 8 darts (quivered)
Armour
 a - a +0 robe (worn)
Comestibles
 c - 2 bread rations
 d - 2 meat rations
 f - a pear
Scrolls
 g - 2 scrolls of curse jewellery {unknown}
Jewellery
 h - a cursed -4 ring of dexterity (left hand)
Books
 b - a book of Flames

   Spells                             Type                      Level
   *Flame Tongue                      Conjuration/Fire             1
   Throw Flame                        Conjuration/Fire             2
   Conjure Flame                      Conjuration/Fire             3
   Inner Flame                        Hexes/Fire                   3
   Sticky Flame                       Conjuration/Fire             4
   Fireball                           Conjuration/Fire             5


   Skills:
 - Level 2.1 Dodging
 - Level 2.0 Stealth
 + Level 1.5 Spellcasting
 * Level 2.5 Conjurations
 + Level 3.7 Fire Magic


You had 4 spell levels left.
You knew the following spells:

 Your Spells              Type           Power        Failure   Level  Hunger
a - Flame Tongue          Conj/Fire      ##...        8%          1    ##.....


Dungeon Overview and Level Annotations

Branches:
Dungeon (2/27)

Altars:

Annotations
D:2 Jessica


Innate Abilities, Weirdness & Mutations

You have a beak for a mouth.
You have claws for feet.


Message History

i - a dagger Wield which item (- for none, * to show all)? (? for menu, Esc to quit)
i - an uncursed dagger (weapon)
There is a stone staircase leading down here.
You climb downwards.
A giant newt, a ball python and Jessica come into view.
Found a scroll labeled LAM PLITUCK.
There is a stone staircase leading up here.
Put on which piece of jewellery? (? for menu, Esc to quit)
You feel clumsy.
Oops, that ring feels deathly cold.
h - a cursed -4 ring of dexterity (left hand) Jessica shouts!
You climb upwards.
There is a stone staircase leading down here.
Unknown command.
Read which item? (? for menu, Esc to quit)
As you read the scroll labeled JUSICUNUPA, it crumbles to dust.
Nothing appears to happen.
Are you sure you want to abandon this character and quit the game? (Confirm with "yes".)

..##
######.##.###.#########
...### #(##.# #.#
≈...≈###########(##.# #.#
.≈.≈P≈##........%##.###.#
######
⌠.≈P⌠P≈#.........#....#.#
#.....
....P≈##.........#....#.#
#.....
≈...≈.................#.#
#.....
≈...≈#...........##.###.#
#.....
≈.<.≈#.######...@.....#.#
#..... ≈...≈#.#
#.........#.# #.....
≈...≈#.######.........#.#
#.....
P...♣≈................#.#
#.....
⌠P≈♣⌠♣≈..........######.##
#..)..
P≈.≈♣≈.########..........#
##.### ≈...≈#.#
#..........# #.# ##..##.##
#..........# #.# ##.....#
#.....)....# #.#


There were no monsters in sight!

Vanquished Creatures
  A ball python (D:1)
  5 goblins (D:1)
  3 hobgoblins (D:1)
  5 bats (D:1)
  2 giant newts (D:1)
  3 kobolds (D:1)
  7 rats (D:1)
  2 toadstools (D:1)
28 creatures vanquished.

Vanquished Creatures (others)
  2 toadstools (D:1)
2 creatures vanquished.

Grand Total: 30 creatures vanquished

Notes
Turn   | Place    | Note
--------------------------------------------------------------
     0 | D:1      | Kae, the Tengu Fire Elementalist, began the quest for the Orb.
     0 | D:1      | Reached XP level 1. HP: 10/10 MP: 3/3
   350 | D:1      | Reached XP level 2. HP: 3/15 MP: 0/5
  1113 | D:1      | Reached XP level 3. HP: 19/19 MP: 5/7
  1121 | D:2      | Noticed Jessica
  1126 | D:1      | Quit the game

Action                   || total
-------------------------++-------
Melee: Unarmed           ||    18
Throw: Dart              ||     2
 Cast: Flame Tongue      ||    34
  Use: Scroll            ||     1
